 Dungeon Crawl Stone Soup version 0.23.1 (webtiles) character file.

Game seed: 3414990555485492249

549 Borgoz the Cutter (level 7, 0/57 HPs)
             Began as a Ghoul Gladiator on Mar 13, 2019.
             Shot with an arrow by a centaur (5 damage)
             ... on level 4 of the Dungeon.
             The game lasted 00:06:25 (3746 turns).

Borgoz the Cutter (Ghoul Gladiator)                 Turns: 3746, Time: 00:06:26

Health: 0/57       AC: 12    Str: 18      XL:     7   Next: 28%
Magic:  6/6        EV:  6    Int:  4 (5)  God:
Gold:   238        SH:  0    Dex: 10      Spells: 6/6 levels left

rFire    . . .     SeeInvis .   a - +1 rapier
rCold    + . .     Gourm    .   (no shield)
rNeg     + + +     Faith    .   m - +0 plate armour (curse)
rPois    ∞         Spirit   .   c - +0 helmet
rElec    .         Reflect  .   (no cloak)
rCorr    .         Harm     .   (no gloves)
MR       .....                  (no boots)
Stlth    ..........             (no amulet)
HPRegen  0.00/turn              (no ring)
MPRegen  0.10/turn              (no ring)

@: rotting, hasted, very quick
A: rotting body, claws 1, carnivore, cold resistance 1, negative energy
resistance 3, inhibited regeneration, torment resistance, unbreathing
a: no special abilities


You were on level 4 of the Dungeon.
You were hungry.

You visited 1 branch of the dungeon, and saw 5 of its levels.

You collected 238 gold pieces.

Inventory:

Hand Weapons
 a - a +1 rapier (weapon)
Missiles
 d - 3 throwing nets (quivered)
 k - 8 tomahawks
Armour
 c - a +0 helmet (worn)
 m - a cursed +0 plate armour (worn)
Scrolls
 e - 4 scrolls of remove curse
 h - a scroll of identify
 j - a scroll of blinking
 n - a scroll of amnesia
Potions
 b - a potion of flight
 g - 2 potions of brilliance
Comestibles
 f - 7 rations
 o - a chunk of flesh


   Skills:
 + Level 3.5 Fighting
 * Level 4.3 Short Blades
 - Level 1.7 Throwing
 * Level 3.2 Armour
 * Level 4.3 Dodging
 + Level 2.8 Stealth


You had 6 spell levels left.
You didn't know any spells.
Your spell library was empty.

Dungeon Overview and Level Annotations

Branches:
Dungeon (5/15)
 Temple: D:4-7

Altars:
Qazlal
Zin


Innate Abilities, Weirdness & Mutations

Your body is rotting away.
You thrive on raw meat.
You are immune to poison.
You have sharp fingernails.
You are carnivorous and can eat meat at any time.
Your flesh is cold resistant. (rC+)
You are immune to negative energy. (rN+++)
You do not regenerate when monsters are visible.
You are immune to unholy pain and torment.
You can survive without breathing.


Message History

The ogre hits you with a +0 giant club.
You hear a zap.
You hear a grinding noise.
The centaur hits you. The centaur barely misses you.
The ogre hits you with a +0 giant club!
You climb upwards.
There is a stone staircase leading down here.
The centaur wields a +0 shortbow.
The centaur shoots an arrow.
The arrow barely misses you.
The centaur shoots an arrow.
The arrow hits you.
* * * LOW HITPOINT WARNING * * *
You see here an arrow.
You feel better. The ogre hits you with a +0 giant club!
* * * LOW HITPOINT WARNING * * *
You feel yourself speed up.
The centaur shoots an arrow.
The arrow hits you.
* * * LOW HITPOINT WARNING * * *
You see here an arrow.
The centaur shoots an arrow.
The arrow completely misses you.
You see here an arrow.
The centaur shoots an arrow.
The arrow hits you.
You die...

#.# #.#.....# #.#
#...#.#.#
#.#####...#.#
#.#.......#.#
##.#.#####.#.# ##.#..#
#.#.# ####.###.# #.#.#
##.###.#..# #...###
#.#.@(....#####......
##.#####.....O(...###
#.# ####c..#.#.# #.##
#...#.#.# #..#
#...#<#.###
##.########.##.#....
####.#........c.O.####
#.......#####.##..# #
#.##.#.## #.##.c####


You could see a centaur.

Vanquished Creatures
  2 phantoms (D:4)
  A bullfrog skeleton (D:4)
  A hound (D:4)
  2 orc priests (D:3)
  An orc wizard (D:4)
  Robin (D:2)
  3 gnolls (D:2)
  5 adders
  An ooze (D:1)
  4 worms
  2 dart slugs
  3 leopard geckos
  11 orcs
  3 ball pythons
  8 giant cockroaches
  18 goblins
  8 hobgoblins
  3 jackals (D:1)
  10 kobolds
  A quokka (D:2)
  9 bats
  3 frilled lizards
  A leopard gecko skeleton (D:4)
  8 rats
109 creatures vanquished.

Notes
Turn   | Place    | Note
-------+----------+-------------------------------------------
     0 | D:1      | Borgoz the Ghoul Gladiator began the quest for the Orb.
     0 | D:1      | Reached XP level 1. HP: 17/17 MP: 0/0
    66 | D:1      | Reached XP level 2. HP: 11/24 MP: 1/1
   474 | D:1      | Reached skill level 1 in Armour
   479 | D:1      | Reached XP level 3. HP: 23/30 MP: 2/2
   764 | D:1      | Reached skill level 1 in Stealth
  1095 | D:2      | Noticed Robin
  1124 | D:3      | Reached XP level 4. HP: 34/37 MP: 3/3
  1243 | D:3      | Reached XP level 5. HP: 38/44 MP: 4/4
  1314 | D:3      | Found a stormy altar of Qazlal.
  1372 | D:3      | Lost intelligence.
  2267 | D:2      | Found a glowing silver altar of Zin.
  2340 | D:2      | Killed Robin
  2340 | D:2      | Reached XP level 6. HP: 40/51 MP: 5/5
  2740 | D:4      | Noticed a phantom
  2772 | D:4      | Killed a phantom
  3087 | D:4      | Reached XP level 7. HP: 49/57 MP: 6/6
  3701 | D:5      | Entered Level 5 of the Dungeon
  3746 | D:4      | Shot with an arrow by a centaur

Skill      XL: |  1  2  3  4  5  6 |
---------------+-------------------+-----
Armour         | 1 2 3 |  3.2
Dodging        | 3 4 |  4.3
Short Blades   | 3 4 |  4.3
Stealth        | 1 2 |  2.8
Fighting       | 3 |  3.5
Throwing       | |  1.7

Action                   |  1- 3 |  4- 6 |  7- 9 || total
-------------------------+-------+-------+-------++-------
Melee: Rapier            |   120 |   261 |    62 ||   443
  Use: Potion            |     4 |     6 |     2 ||    12
       Scroll            |     2 |     8 |       ||    10
  Eat: Chunk             |     1 |    14 |     2 ||    17
Armor: Leather armour    |    24 |       |       ||    24
       Plate armour      |    32 |   206 |    37 ||   275
Dodge: Dodged            |    69 |    96 |    11 ||   176
